 Dungeon Crawl Stone Soup version 0.17.1-3-g152610e (webtiles) character file.

543 theElss the Basher (level 7, 0/41 HPs)
             Began as a Gargoyle Berserker on Mar 3, 2016.
             Was a Priest of Trog.
             Slain by a shadow imp (3 damage)
             ... summoned by Eustachio
             ... on level 4 of the Dungeon.
             The game lasted 00:08:35 (3397 turns).

theElss the Basher (Gargoyle Berserker)             Turns: 3397, Time: 00:08:35

Health: 0/41       AC: 14    Str: 23    XL:     7   Next: 27%
Magic:  7/7        EV:  8    Int:  7    God:    Trog [***...]
Gold:   224        SH:  0    Dex:  9    Spells: 0 memorised, 6 levels left

rFire  . . .     SeeInvis .     a - +0 mace
rCold  . . .     Clarity  .     g - +0 chain mail
rNeg   + . .     SustAt   .     (no shield)
rPois  ∞         Gourm    .     u - +0 helmet
rElec  +         Spirit   .     (no cloak)
rCorr  .         Warding  .     (no gloves)
rMut   .         Stasis   .     (no boots)
MR     .....                    (no amulet)
Stlth  ..........               (no ring)
                                (no ring)

@: exhausted, slowed, very slow, not resistant to hostile enchantments,
extremely unstealthy
A: negative energy resistance 1, electricity resistance, unbreathing,
petrification resistance, rot immunity, AC +4
a: Berserk, Trog's Hand, Burn Spellbooks, Renounce Religion


You were on level 4 of the Dungeon.
You worshipped Trog.
Trog was most pleased with you.
You were very hungry.

You visited 1 branch of the dungeon, and saw 4 of its levels.

You collected 224 gold pieces.

Inventory:

Hand Weapons
 a - a +0 mace (weapon)
Armour
 g - a +0 chain mail (worn)
 u - a +0 helmet (worn)
Jewellery
 f - a +1 ring of protection {unknown}
 j - an uncursed amulet of resist mutation {unknown}
Scrolls
 h - 5 scrolls of identify {unknown}
 n - 2 scrolls of random uselessness {unknown}
 o - 2 scrolls of remove curse {unknown}
 q - a scroll of magic mapping {unknown}
 r - a scroll of immolation {unknown}
 s - 2 scrolls of teleportation {unknown}
 w - a scroll of enchant weapon {unknown}
Potions
 b - a potion of berserk rage {unknown}
 d - 2 potions of curing
 e - a potion of flight {unknown}
 i - 2 potions of heal wounds {unknown}
 k - 4 potions of brilliance {unknown}
 v - a potion of cancellation {unknown}
Comestibles
 c - 4 bread rations
 l - a meat ration
 m - a slice of pizza
 p - a beef jerky


   Skills:
 - Level 3.3 Fighting
 + Level 8.1 Maces & Flails
 - Level 2.1 Armour
 - Level 1.6 Dodging


You had 6 spell levels left.
You didn't know any spells.

Dungeon Overview and Level Annotations

Branches:
Dungeon (4/15)
 Temple: D:4-7

Altars:
Ashenzari
Elyvilon
Fedhas
Gozag
Makhleb

Annotations:
D:4 Eustachio


Innate Abilities, Weirdness & Mutations

You are resistant to torment.
Your stone body is resilient (AC +4).
You are immune to poison.
You resist negative energy.
You are resistant to electric shocks.
You can survive without breathing.
You are immune to petrification.
You are immune to rotting.


Message History

The rat bites you but does no damage.
The ufetubus hits you but does no damage. x2
The shadow imp hits you but does no damage.
You hit Eustachio but do no damage.
Eustachio is almost dead.
The ufetubus hits you.
* * * LOW HITPOINT WARNING * * *
The ufetubus hits you but does no damage.
Eustachio hits you but does no damage.
The river rat bites you but does no damage.
The rat bites you but does no damage. The ufetubus completely misses you.
The ufetubus barely misses you.
The shadow imp hits you but does no damage.
The river rat bites you but does no damage.
Eustachio hits you but does no damage. The rat completely misses you.
You barely miss Eustachio.
Eustachio is almost dead.
The ufetubus closely misses you. The ufetubus completely misses you.
The shadow imp hits you.
You die...

###...[.#
###...##
##...#
#...#
#...#
##..##
#...#
#.r.#
##5@#
#5@r.#
######


You could see Eustachio, a river rat, a shadow imp, an ufetubus and a rat.

Vanquished Creatures
  An ogre (D:4)
  Blork the orc (D:4)
  A hound (D:4)
  2 orc priests
  4 orc wizards
  An iguana (D:4)
  Natasha (thrice) (D:2)
  Robin (D:2)
  4 gnolls (D:3)
  2 oozes
  2 worms
  An adder skeleton (D:4)
  A giant gecko (D:4)
  13 orcs
  3 bats
  2 giant cockroaches
  14 goblins
  7 hobgoblins
  3 jackals (D:1)
  A quokka (D:2)
  A giant gecko skeleton (D:4)
  A giant newt (D:2)
  7 kobolds
  4 rats (D:1)
80 creatures vanquished.

Notes
Turn   | Place    | Note
--------------------------------------------------------------
     0 | D:1      | theElss the Gargoyle Berserker began the quest for the Orb.
     0 | D:1      | Reached XP level 1. HP: 14/14 MP: 1/1
    98 | D:1      | Reached XP level 2. HP: 19/19 MP: 2/2
   299 | D:1      | Reached skill level 4 in Maces & Flails
   303 | D:1      | Reached XP level 3. HP: 23/23 MP: 3/3
   309 | D:1      | Reached ** piety under Trog
   733 | D:2      | Noticed Natasha
   735 | D:2      | Found a shattered altar of Ashenzari.
   748 | D:2      | Killed Natasha
   850 | D:2      | Found an opulent altar of Gozag.
   908 | D:2      | Noticed Natasha
   912 | D:2      | Killed Natasha
   912 | D:2      | Reached XP level 4. HP: 21/28 MP: 4/4
  1023 | D:2      | Noticed Natasha
  1029 | D:2      | Killed Natasha
  1471 | D:3      | Noticed Robin
  1479 | D:2      | Killed Robin
  1479 | D:2      | Reached skill level 5 in Maces & Flails
  1682 | D:3      | Reached XP level 5. HP: 16/32 MP: 5/5
  2121 | D:3      | Reached skill level 6 in Maces & Flails
  2322 | D:3      | Found a blossoming altar of Fedhas.
  2445 | D:3      | Found a faded altar to an unknown god.
  2519 | D:3      | Found a white marble altar of Elyvilon.
  2696 | D:4      | Reached *** piety under Trog
  2696 | D:4      | Reached XP level 6. HP: 37/37 MP: 6/6
  2769 | D:4      | Noticed an ogre
  2777 | D:4      | Killed an ogre
  2916 | D:4      | Reached skill level 7 in Maces & Flails
  2985 | D:4      | Noticed Blork the orc
  3007 | D:4      | Killed Blork the orc
  3007 | D:4      | Reached XP level 7. HP: 41/41 MP: 7/7
  3069 | D:4      | Found a burning altar of Makhleb.
  3136 | D:4      | Reached skill level 8 in Maces & Flails
  3371 | D:4      | Noticed Eustachio
  3397 | D:4      | Slain by a shadow imp

Action                   |  1- 3 |  4- 6 |  7- 9 || total
-------------------------+-------+-------+-------++-------
Melee: Mace              |    65 |   180 |    72 ||   317
Invok: Berserk           |       |     6 |     1 ||     7
  Eat: Chunk             |       |    12 |     2 ||    14
